General information
- name: BNet
- type: Ladder team game (AT/RT)
- host: Battle.net
- saver: BEAR_AND
map: Deadlock
- players: 8
- length: 31:04
- speed: Fast
- version: 1.24 W3XP
- replay type:

» download(332 KB)
Players
team 1 (loser)
ClanEgo (
green | 44 APM | 1346 actions | 30:23)
5 Demon Hunter
3 Mana Burn
2 Evasion
4 Priestess of the Moon
2 Scout
2 Trueshot Aura
» actions
| Assign group hotkey | 16 | |
| Build / train | 81 | |
| Enter build submenu | 28 | |
| Enter hero's abilities submenu | 9 | |
| Give item / drop item | 2 | |
| Remove unit from queue | 2 | |
| Right click | 568 | |
| Select / deselect | 325 | |
| Select group hotkey | 232 | |
| Use ability | 83 | |
1346 total
» units
» upgrades
| Strength of the Wild | 3 | |
| Nature's Blessing | 1 | |
| Reinforced Hides | 3 | |
| Corrosive Breath | 1 | |
| Well Spring | 1 | |
| Ultravision | 1 | |
10 total
» buildings
| Altar of Elders | 1 | |
| Moon Well | 7 | |
| Ancient of War | 1 | |
| Tree of Ages | 1 | |
| Hunter's Hall | 1 | |
| Tree of Life | 2 | |
| Ancient Protector | 9 | |
| Tree of Eternity | 1 | |
| Ancient of Wind | 1 | |
| Chimaera Roost | 3 | |
| Ancient of Wonders | 1 | |
28 total
» build order
00:08 Altar of Elders
00:26 Moon Well
01:01 Ancient of War
01:33 Moon Well
04:05 Moon Well
04:17 Tree of Ages
04:21 Hunter's Hall
04:58 Tree of Life
05:27 Moon Well
06:13 Ancient Protector
07:35 Tree of Eternity
08:12 Ancient of Wind
08:35 Ancient Protector
10:08 Chimaera Roost
10:11 Chimaera Roost
10:16 Chimaera Roost
10:51 Ancient of Wonders
11:34 Moon Well
12:40 Moon Well
13:47 Moon Well
19:09 Ancient Protector
19:18 Ancient Protector
19:58 Ancient Protector
22:06 Ancient Protector
22:09 Ancient Protector
22:11 Ancient Protector
22:16 Ancient Protector
24:19 Tree of Life
» items
| Scroll of Town Portal | 2 | |
| Potion of Lesser Invulnerability | 2 | |
| Scroll of Protection | 2 | |
| Boots of Speed | 1 | |
| Staff of Preservation | 1 | |
| Scroll of Healing | 1 | |
9 total
KrNSargeanT (
red | 77 APM | 2384 actions | 31:02)
4 Demon Hunter
2 Mana Burn
2 Evasion
» actions
| Assign group hotkey | 11 | |
| Basic commands | 130 | |
| Build / train | 72 | |
| ESC pressed | 2 | |
| Enter build submenu | 33 | |
| Enter hero's abilities submenu | 4 | |
| Right click | 1031 | |
| Select / deselect | 575 | |
| Select group hotkey | 369 | |
| Use ability | 157 | |
2384 total
» units
| Wisp | 37 | |
| Archer | 5 | |
| Mountain Giant | 6 | |
48 total
» upgrades
| Strength of the Wild | 3 | |
| Reinforced Hides | 3 | |
| Hardened Skin | 1 | |
| Resistant Skin | 1 | |
8 total
» buildings
| Altar of Elders | 1 | |
| Moon Well | 9 | |
| Ancient of War | 1 | |
| Hunter's Hall | 1 | |
| Ancient Protector | 11 | |
| Tree of Ages | 6 | |
| Tree of Life | 2 | |
| Ancient of Wonders | 1 | |
| Ancient of Lore | 2 | |
| Tree of Eternity | 1 | |
35 total
» build order
00:07 Altar of Elders
00:09 Moon Well
01:10 Ancient of War
01:48 Moon Well
02:00 Hunter's Hall
03:19 Ancient Protector
03:31 Moon Well
03:46 Tree of Ages
03:46 Tree of Ages
05:35 Moon Well
05:40 Tree of Life
06:02 Ancient of Wonders
07:10 Ancient of Lore
07:24 Ancient of Lore
07:57 Moon Well
08:39 Tree of Eternity
10:10 Moon Well
11:24 Ancient Protector
11:25 Ancient Protector
13:51 Moon Well
13:58 Moon Well
14:06 Ancient Protector
14:09 Ancient Protector
19:08 Tree of Ages
19:23 Ancient Protector
19:26 Ancient Protector
20:37 Tree of Life
20:58 Ancient Protector
20:59 Ancient Protector
21:01 Ancient Protector
21:06 Ancient Protector
24:00 Moon Well
26:43 Tree of Ages
26:43 Tree of Ages
» items
NoPeaCe. (
purple | 111 APM | 3378 actions | 30:32)
4 Death Knight
2 Death Coil
1 Unholy Aura
1 Death Pact
3 Lich
2 Frost Nova
1 Frost Armor
» actions
| Assign group hotkey | 21 | |
| Build / train | 60 | |
| ESC pressed | 1 | |
| Enter build submenu | 22 | |
| Enter hero's abilities submenu | 7 | |
| Right click | 1590 | |
| Select / deselect | 328 | |
| Select group hotkey | 1270 | |
| Use ability | 79 | |
3378 total
» units
| Acolyte | 9 | |
| Ghoul | 3 | |
| Crypt Fiend | 6 | |
| Frost Wyrm | 12 | |
30 total
» upgrades
| Creature Attack | 1 | |
| Burrow | 1 | |
| Freezing Breath | 1 | |
3 total
» buildings
| Graveyard | 1 | |
| Crypt | 1 | |
| Altar of Darkness | 1 | |
| Ziggurat | 11 | |
| Tomb of Relics | 1 | |
| Nerubian Tower | 1 | |
| Halls of the Dead | 1 | |
| Black Citadel | 1 | |
| Sacrificial Pit | 1 | |
| Boneyard | 2 | |
| Spirit Tower | 6 | |
27 total
» build order
00:07 Graveyard
00:10 Crypt
00:34 Altar of Darkness
00:50 Ziggurat
01:10 Tomb of Relics
01:54 Ziggurat
02:33 Nerubian Tower
03:38 Halls of the Dead
04:45 Ziggurat
05:05 Ziggurat
07:04 Black Citadel
08:31 Sacrificial Pit
09:26 Boneyard
09:36 Boneyard
09:43 Ziggurat
11:41 Ziggurat
19:00 Spirit Tower
19:02 Spirit Tower
19:04 Spirit Tower
19:05 Spirit Tower
21:35 Ziggurat
26:42 Ziggurat
26:43 Ziggurat
26:48 Ziggurat
26:50 Ziggurat
27:35 Spirit Tower
27:41 Spirit Tower
» items
| Rod of Necromancy | 1 | |
| Dust of Appearance | 1 | |
| Scroll of Town Portal | 3 | |
| Potion of Healing | 2 | |
| Potion of Mana | 1 | |
| Potion of Lesser Invulnerability | 1 | |
9 total

»
RyakaKyungFoo (
teal | 120 APM | 3729 actions | 31:00)
3 Archmage
2 Summon Water Elemental
1 Brilliance Aura
2 Mountain King
1 Storm Bolt
1 Bash
» actions
| Assign group hotkey | 48 | |
| Basic commands | 9 | |
| Build / train | 93 | |
| ESC pressed | 2 | |
| Enter build submenu | 38 | |
| Enter hero's abilities submenu | 5 | |
| Right click | 2003 | |
| Select / deselect | 579 | |
| Select group hotkey | 775 | |
| Use ability | 177 | |
3729 total
» units
| Peasant | 19 | |
| Footman | 6 | |
| Dragonhawk Rider | 25 | |
| Gryphon Rider | 2 | |
52 total
» upgrades
» buildings
| Altar of Kings | 1 | |
| Barracks | 1 | |
| Farm | 8 | |
| Lumber Mill | 1 | |
| Scout Tower | 13 | |
| Arcane Tower | 2 | |
| Keep | 2 | |
| Guard Tower | 16 | |
| Arcane Vault | 1 | |
| Castle | 2 | |
| Gryphon Aviary | 3 | |
| Town Hall | 1 | |
51 total
» build order
00:13 Altar of Kings
00:34 Barracks
00:35 Farm
00:41 Farm
01:53 Farm
01:59 Farm
02:03 Lumber Mill
03:16 Scout Tower
03:55 Arcane Tower
04:38 Scout Tower
04:39 Scout Tower
04:42 Scout Tower
04:59 Keep
05:05 Guard Tower
05:06 Guard Tower
05:07 Guard Tower
05:07 Guard Tower
05:15 Guard Tower
06:13 Farm
06:32 Scout Tower
07:22 Guard Tower
08:00 Arcane Vault
08:48 Castle
09:02 Gryphon Aviary
09:16 Gryphon Aviary
09:55 Gryphon Aviary
10:14 Scout Tower
10:14 Scout Tower
10:58 Guard Tower
15:23 Farm
15:24 Farm
19:05 Farm
19:59 Scout Tower
20:02 Scout Tower
21:33 Guard Tower
21:35 Guard Tower
21:49 Scout Tower
21:54 Scout Tower
24:36 Guard Tower
24:36 Guard Tower
25:52 Town Hall
25:55 Scout Tower
26:19 Guard Tower
26:19 Guard Tower
27:46 Scout Tower
» items
| Lesser Clarity Potion | 1 | |
| Scroll of Town Portal | 1 | |
| Potion of Lesser Invulnerability | 2 | |
| Scroll of Regeneration | 2 | |
| Potion of Healing | 1 | |
7 total
team 2 (winner)
BEAR_AND (
pink | 149 APM | 4622 actions | 31:04)
7 Blademaster
3 Wind Walk
3 Critical Strike
1 Bladestorm
» actions
| Assign group hotkey | 9 | |
| Basic commands | 5 | |
| Build / train | 57 | |
| Enter build submenu | 42 | |
| Enter hero's abilities submenu | 7 | |
| Give item / drop item | 1 | |
| Right click | 3378 | |
| Select / deselect | 229 | |
| Select group hotkey | 759 | |
| Use ability | 135 | |
4622 total
» units
» upgrades
| Ranged Weapons | 4 | |
| Reinforced Defenses | 1 | |
| Liquid Fire | 1 | |
6 total
» buildings
| Altar of Storms | 1 | |
| Orc Burrow | 4 | |
| War Mill | 1 | |
| Voodoo Lounge | 2 | |
| Watch Tower | 22 | |
| Stronghold | 1 | |
| Beastiary | 2 | |
| Fortress | 1 | |
| Tauren Totem | 1 | |
35 total
» build order
00:10 Altar of Storms
00:18 Orc Burrow
01:10 War Mill
01:24 Voodoo Lounge
02:34 Watch Tower
02:36 Watch Tower
03:01 Orc Burrow
03:31 Stronghold
03:35 Watch Tower
03:59 Watch Tower
04:27 Watch Tower
04:29 Watch Tower
06:02 Watch Tower
06:10 Watch Tower
06:22 Beastiary
06:26 Beastiary
06:56 Fortress
07:09 Watch Tower
07:37 Watch Tower
08:39 Watch Tower
08:40 Watch Tower
08:51 Orc Burrow
09:46 Watch Tower
09:48 Watch Tower
09:50 Watch Tower
10:54 Voodoo Lounge
11:44 Orc Burrow
13:25 Watch Tower
16:33 Tauren Totem
16:34 Watch Tower
16:35 Watch Tower
17:39 Watch Tower
17:40 Watch Tower
17:41 Watch Tower
18:25 Watch Tower
» items
| Healing Salve | 4 | |
| Lesser Clarity Potion | 7 | |
| Boots of Speed | 1 | |
| Staff of Teleportation | 1 | |
| Orb of Lightning | 1 | |
| Scroll of Town Portal | 1 | |
15 total
bLinn (
yellow | 75 APM | 2325 actions | 31:02)
2 Archmage
1 Blizzard
1 Brilliance Aura
1 Mountain King
1 Storm Bolt
1 Paladin
1 Holy Light
» actions
| Assign group hotkey | 270 | |
| Basic commands | 6 | |
| Build / train | 162 | |
| ESC pressed | 7 | |
| Enter build submenu | 77 | |
| Enter hero's abilities submenu | 4 | |
| Give item / drop item | 2 | |
| Right click | 917 | |
| Select / deselect | 353 | |
| Select group hotkey | 399 | |
| Use ability | 128 | |
2325 total
» units
» upgrades
| Masonry | 2 | |
| Lumber Harvesting | 1 | |
3 total
» buildings
| Altar of Kings | 1 | |
| Farm | 7 | |
| Lumber Mill | 1 | |
| Scout Tower | 75 | |
| Arcane Tower | 5 | |
| Guard Tower | 95 | |
| Arcane Vault | 1 | |
| Town Hall | 2 | |
| Keep | 2 | |
| Castle | 2 | |
191 total
» build order
00:12 Altar of Kings
00:14 Farm
00:36 Lumber Mill
01:02 Scout Tower
01:04 Scout Tower
01:29 Scout Tower
01:31 Scout Tower
01:37 Scout Tower
01:38 Scout Tower
01:40 Arcane Tower
01:55 Farm
02:00 Arcane Tower
02:01 Arcane Tower
02:03 Scout Tower
02:11 Scout Tower
02:23 Scout Tower
02:25 Scout Tower
02:36 Guard Tower
02:36 Guard Tower
02:41 Scout Tower
02:43 Scout Tower
02:44 Scout Tower
03:05 Scout Tower
03:06 Guard Tower
03:06 Guard Tower
03:19 Scout Tower
03:22 Scout Tower
03:24 Guard Tower
03:26 Guard Tower
03:36 Arcane Vault
03:40 Scout Tower
03:44 Farm
03:47 Guard Tower
03:47 Guard Tower
03:47 Guard Tower
03:48 Guard Tower
03:49 Guard Tower
03:55 Guard Tower
03:56 Guard Tower
04:02 Guard Tower
04:04 Scout Tower
04:07 Scout Tower
04:18 Scout Tower
04:18 Guard Tower
04:19 Guard Tower
04:19 Guard Tower
04:19 Guard Tower
04:40 Scout Tower
04:42 Scout Tower
04:43 Scout Tower
04:48 Guard Tower
04:48 Guard Tower
05:22 Guard Tower
05:25 Guard Tower
05:27 Scout Tower
05:27 Scout Tower
05:28 Scout Tower
05:29 Scout Tower
05:31 Scout Tower
05:32 Scout Tower
05:52 Town Hall
05:56 Scout Tower
05:57 Scout Tower
06:00 Scout Tower
06:08 Guard Tower
06:08 Guard Tower
06:08 Guard Tower
06:14 Guard Tower
06:14 Guard Tower
06:27 Scout Tower
06:29 Scout Tower
06:30 Scout Tower
06:31 Guard Tower
06:31 Guard Tower
06:32 Guard Tower
06:35 Scout Tower
06:37 Scout Tower
06:38 Scout Tower
06:38 Scout Tower
06:39 Scout Tower
06:53 Guard Tower
06:54 Guard Tower
06:54 Guard Tower
07:02 Guard Tower
07:16 Keep
07:16 Keep
07:21 Scout Tower
07:22 Scout Tower
07:23 Guard Tower
07:33 Guard Tower
07:33 Guard Tower
07:34 Guard Tower
07:43 Scout Tower
07:46 Scout Tower
07:49 Scout Tower
07:50 Guard Tower
07:50 Guard Tower
08:19 Guard Tower
08:19 Guard Tower
08:22 Guard Tower
08:24 Scout Tower
08:25 Scout Tower
08:26 Scout Tower
08:28 Scout Tower
08:36 Scout Tower
08:37 Scout Tower
08:38 Scout Tower
08:39 Scout Tower
09:06 Scout Tower
09:29 Guard Tower
09:29 Guard Tower
09:55 Town Hall
09:58 Scout Tower
09:59 Scout Tower
10:00 Scout Tower
10:05 Guard Tower
10:05 Guard Tower
10:10 Scout Tower
10:11 Scout Tower
10:34 Guard Tower
10:34 Guard Tower
10:34 Guard Tower
10:45 Guard Tower
10:45 Guard Tower
10:45 Guard Tower
11:25 Scout Tower
11:26 Scout Tower
11:27 Guard Tower
11:55 Farm
11:56 Farm
11:59 Farm
12:03 Farm
12:23 Guard Tower
12:45 Scout Tower
12:47 Scout Tower
12:48 Scout Tower
12:50 Scout Tower
12:52 Scout Tower
12:54 Scout Tower
12:54 Scout Tower
12:55 Scout Tower
12:56 Scout Tower
12:57 Scout Tower
12:58 Scout Tower
13:23 Guard Tower
13:23 Guard Tower
13:24 Guard Tower
13:39 Guard Tower
13:39 Guard Tower
13:40 Guard Tower
13:40 Guard Tower
13:51 Guard Tower
13:51 Guard Tower
13:52 Guard Tower
13:54 Guard Tower
13:54 Guard Tower
13:55 Guard Tower
13:55 Guard Tower
14:28 Castle
17:52 Scout Tower
17:53 Scout Tower
17:54 Scout Tower
» items
| Scroll of Regeneration | 3 | |
| Healing Salve | 1 | |
| Scroll of Speed | 1 | |
| Orb of Fire | 1 | |
| Staff of Sanctuary | 1 | |
7 total

»
iggy_the_fisk (
blue | 151 APM | 4677 actions | 31:02)
7 Warden
3 Shadow Strike
3 Blink
1 Spirit of Vengeance
» actions
| Assign group hotkey | 2433 | |
| Basic commands | 22 | |
| Build / train | 77 | |
| Enter build submenu | 12 | |
| Enter hero's abilities submenu | 7 | |
| Give item / drop item | 1 | |
| Right click | 1452 | |
| Select / deselect | 161 | |
| Select group hotkey | 410 | |
| Use ability | 102 | |
4677 total
» units
» upgrades
| Nature's Blessing | 1 | |
| Strength of the Wild | 3 | |
| Reinforced Hides | 3 | |
| Well Spring | 1 | |
8 total
» buildings
| Altar of Elders | 1 | |
| Moon Well | 4 | |
| Ancient of Wonders | 1 | |
| Tree of Ages | 5 | |
| Hunter's Hall | 1 | |
| Tree of Eternity | 1 | |
| Tree of Life | 3 | |
| Ancient of Wind | 1 | |
17 total
» build order
00:08 Altar of Elders
00:57 Moon Well
01:51 Moon Well
02:31 Ancient of Wonders
02:47 Moon Well
05:17 Tree of Ages
05:17 Tree of Ages
05:18 Tree of Ages
05:18 Tree of Ages
05:44 Moon Well
07:30 Hunter's Hall
08:03 Tree of Eternity
10:27 Tree of Life
13:46 Ancient of Wind
20:36 Tree of Life
27:47 Tree of Life
» items
| Circlet of Nobility | 1 | |
| Boots of Speed | 5 | |
| Moonstone | 1 | |
| Staff of Teleportation | 1 | |
| Orb of Venom | 1 | |
| Lesser Clarity Potion | 1 | |
| Healing Salve | 1 | |
| Potion of Mana | 2 | |
| Scroll of Regeneration | 1 | |
| Scroll of Town Portal | 1 | |
15 total
TIMG4STRok (
orange | 111 APM | 3454 actions | 31:02)
5 Archmage
3 Blizzard
2 Brilliance Aura
4 Mountain King
2 Storm Bolt
2 Bash
3 Paladin
2 Holy Light
1 Divine Shield
» actions
| Assign group hotkey | 16 | |
| Basic commands | 88 | |
| Build / train | 150 | |
| ESC pressed | 12 | |
| Enter build submenu | 107 | |
| Enter hero's abilities submenu | 12 | |
| Give item / drop item | 2 | |
| Right click | 1421 | |
| Select / deselect | 292 | |
| Select group hotkey | 1015 | |
| Use ability | 339 | |
3454 total
» units
| Peasant | 41 | |
| Dragonhawk Rider | 8 | |
49 total
» upgrades
| Masonry | 3 | |
| Lumber Harvesting | 1 | |
| Magic Sentry | 1 | |
| Cloud | 1 | |
| Armor | 3 | |
| Swords | 2 | |
11 total
» buildings
| Altar of Kings | 1 | |
| Farm | 11 | |
| Lumber Mill | 2 | |
| Scout Tower | 149 | |
| Arcane Tower | 2 | |
| Guard Tower | 51 | |
| Town Hall | 8 | |
| Arcane Vault | 1 | |
| Keep | 1 | |
| Castle | 1 | |
| Arcane Sanctum | 2 | |
| Gryphon Aviary | 2 | |
| Blacksmith | 2 | |
233 total
» build order
00:06 Altar of Kings
00:08 Farm
00:10 Farm
00:25 Lumber Mill
00:46 Farm
01:22 Scout Tower
01:30 Scout Tower
01:55 Lumber Mill
01:57 Arcane Tower
02:17 Farm
02:32 Guard Tower
04:00 Town Hall
04:08 Scout Tower
04:10 Scout Tower
04:11 Scout Tower
04:11 Scout Tower
04:16 Scout Tower
04:17 Scout Tower
04:27 Farm
06:02 Scout Tower
06:03 Scout Tower
06:06 Guard Tower
06:08 Arcane Tower
06:12 Scout Tower
06:13 Scout Tower
06:13 Scout Tower
06:21 Scout Tower
06:22 Scout Tower
06:23 Scout Tower
06:24 Scout Tower
06:26 Arcane Vault
06:41 Guard Tower
06:59 Keep
07:07 Guard Tower
07:14 Guard Tower
08:04 Guard Tower
08:09 Scout Tower
08:10 Scout Tower
08:10 Scout Tower
08:32 Scout Tower
08:33 Scout Tower
08:34 Scout Tower
08:34 Scout Tower
08:35 Scout Tower
08:35 Scout Tower
08:36 Scout Tower
08:37 Scout Tower
08:37 Scout Tower
08:38 Scout Tower
08:40 Guard Tower
09:03 Guard Tower
09:03 Guard Tower
09:06 Scout Tower
09:06 Scout Tower
09:07 Scout Tower
09:08 Scout Tower
09:08 Scout Tower
09:09 Scout Tower
09:13 Guard Tower
09:15 Scout Tower
09:16 Scout Tower
09:18 Scout Tower
09:18 Scout Tower
09:19 Scout Tower
09:20 Scout Tower
09:25 Scout Tower
09:26 Scout Tower
09:26 Scout Tower
09:29 Castle
09:33 Arcane Sanctum
09:36 Arcane Sanctum
09:46 Guard Tower
09:48 Guard Tower
10:00 Guard Tower
10:02 Scout Tower
10:09 Scout Tower
10:13 Guard Tower
10:13 Guard Tower
11:03 Guard Tower
12:17 Guard Tower
12:52 Town Hall
12:53 Town Hall
12:59 Scout Tower
12:59 Scout Tower
13:00 Scout Tower
13:01 Scout Tower
13:01 Scout Tower
13:01 Scout Tower
13:02 Scout Tower
13:03 Scout Tower
13:04 Scout Tower
13:04 Scout Tower
13:05 Scout Tower
13:05 Scout Tower
13:39 Gryphon Aviary
13:42 Gryphon Aviary
15:23 Blacksmith
15:23 Blacksmith
17:02 Town Hall
17:10 Farm
17:12 Farm
17:55 Scout Tower
17:56 Scout Tower
17:57 Scout Tower
17:57 Scout Tower
17:58 Scout Tower
17:58 Scout Tower
17:59 Scout Tower
18:00 Scout Tower
18:01 Scout Tower
18:02 Scout Tower
18:02 Scout Tower
18:02 Scout Tower
18:03 Scout Tower
18:28 Guard Tower
18:30 Guard Tower
18:55 Guard Tower
18:56 Guard Tower
18:59 Scout Tower
19:00 Scout Tower
19:01 Scout Tower
19:01 Scout Tower
19:09 Farm
19:09 Farm
19:10 Farm
19:17 Scout Tower
19:23 Guard Tower
19:25 Guard Tower
19:27 Guard Tower
19:29 Scout Tower
19:30 Scout Tower
19:31 Scout Tower
19:32 Scout Tower
19:34 Scout Tower
19:35 Scout Tower
19:36 Scout Tower
19:36 Scout Tower
19:38 Scout Tower
19:39 Scout Tower
19:40 Guard Tower
19:43 Town Hall
19:46 Scout Tower
19:47 Scout Tower
19:48 Scout Tower
19:48 Scout Tower
19:49 Scout Tower
19:49 Scout Tower
19:50 Scout Tower
19:50 Scout Tower
19:51 Scout Tower
19:51 Scout Tower
19:52 Scout Tower
19:52 Scout Tower
19:53 Scout Tower
19:53 Scout Tower
19:54 Scout Tower
19:54 Scout Tower
19:56 Guard Tower
19:58 Scout Tower
19:58 Scout Tower
20:01 Scout Tower
20:02 Scout Tower
20:04 Guard Tower
20:09 Guard Tower
20:22 Guard Tower
20:29 Guard Tower
20:35 Guard Tower
20:39 Guard Tower
20:58 Guard Tower
21:03 Guard Tower
21:16 Guard Tower
21:37 Guard Tower
22:03 Guard Tower
22:10 Farm
23:51 Town Hall
24:00 Town Hall
24:44 Town Hall
25:45 Scout Tower
25:46 Scout Tower
25:46 Scout Tower
25:46 Scout Tower
25:46 Scout Tower
25:47 Scout Tower
26:42 Guard Tower
26:44 Guard Tower
26:48 Scout Tower
26:49 Scout Tower
26:49 Scout Tower
26:50 Scout Tower
27:24 Guard Tower
27:25 Guard Tower
27:26 Guard Tower
27:28 Scout Tower
27:28 Scout Tower
27:28 Scout Tower
27:29 Scout Tower
27:29 Scout Tower
27:29 Scout Tower
27:29 Scout Tower
27:30 Scout Tower
27:30 Scout Tower
27:34 Scout Tower
27:34 Scout Tower
27:35 Scout Tower
27:42 Guard Tower
27:44 Scout Tower
27:45 Scout Tower
27:45 Scout Tower
27:45 Scout Tower
27:46 Scout Tower
27:46 Scout Tower
28:55 Guard Tower
28:57 Scout Tower
28:57 Scout Tower
29:03 Guard Tower
29:04 Scout Tower
29:05 Scout Tower
29:12 Scout Tower
29:12 Scout Tower
29:13 Scout Tower
29:14 Scout Tower
29:14 Scout Tower
29:16 Guard Tower
29:30 Guard Tower
31:01 Guard Tower
» items
| Healing Salve | 3 | |
| Lesser Clarity Potion | 1 | |
| Boots of Speed | 3 | |
| Staff of Teleportation | 3 | |
| Periapt of Vitality | 1 | |
| Circlet of Nobility | 1 | |
| Orb of Lightning | 2 | |
| Staff of Sanctuary | 3 | |
| Scroll of Regeneration | 1 | |
18 total
Chat log
(00:28 / All) BEAR_AND: hey clan
(00:30 / All) BEAR_AND: hej
(00:38 / All) ClanEgo: huH?
(00:45 / All) iggy_the_fisk: välkommen till spelet
(00:47 / All) BEAR_AND: u tried "StarCraft II"
(00:49 / All) iggy_the_fisk: spela hårt :)
(00:52 / All) ClanEgo: no
(01:01 / All) BEAR_AND: some thangs just worth fightn for
(01:02 / All) TIMG4STRok: SHilag
(01:05 / Allies) iggy_the_fisk: yarr she lags!!
(03:15 / All) BEAR_AND: 2 slow
(03:41 / All) BEAR_AND: lol
(03:54 / All) BEAR_AND: lol
(04:09 / All) BEAR_AND: good micro
(04:14 / All) BEAR_AND: you should play sc2
(05:32 / All) BEAR_AND: lol
(06:09 / All) NoPeaCe.: aka's
(06:10 / All) NoPeaCe.: ?
(06:15 / All) BEAR_AND: clan tgx
(06:16 / All) bLinn: John_Matheson
(08:01 / All) NoPeaCe.: dota players?
(08:06 / All) BEAR_AND: all day
(08:06 / All) TIMG4STRok: pro dota
(08:27 / All) BEAR_AND: thanx for glitter
(08:31 / All) BEAR_AND: gonna go out w/ my girlfriends
(09:40 / All) BEAR_AND: lol
(11:15 / All) BEAR_AND: mmmm yumyumyum
(11:23 / All) NoPeaCe.: you guys enjoy proto/zmap?
(11:27 / All) BEAR_AND: lol
(11:31 / All) BEAR_AND: |whats zmap
(11:37 / All) TIMG4STRok: do you know who i am yuo RETARD
(11:38 / All) NoPeaCe.: LOLGOOD ONE
(11:39 / All) iggy_the_fisk: are you dumb?
(11:41 / All) TIMG4STRok: i am a fucking warcraft 3 legend
(11:45 / All) BEAR_AND: thanx....i think
(11:47 / All) TIMG4STRok: i'm kind of a big deal
(11:50 / All) NoPeaCe.: ...
(11:52 / All) NoPeaCe.: lol good one, orange
(11:56 / All) NoPeaCe.: you're a nobody
(12:02 / All) NoPeaCe.: and a hacker
(12:05 / All) TIMG4STRok: lol
(12:33 / All) BEAR_AND: lol
(12:34 / All) BEAR_AND: red
(12:35 / All) BEAR_AND: too slow
(12:43 / All) BEAR_AND: deto nice
(13:10 / All) BEAR_AND: lol
(13:16 / All) BEAR_AND: big thanks!
(14:53 / All) NoPeaCe.: blue, you the real iggy?
(14:56 / All) BEAR_AND: lol
(15:25 / All) iggy_the_fisk: I am the legend iggy the fisk of blizzard gaming fame
(15:29 / All) iggy_the_fisk: bow and be quiet
(18:52 / All) BEAR_AND: lol
(19:00 / All) BEAR_AND: lol
(19:00 / All) BEAR_AND: Lol
(28:54 / All) NoPeaCe.: wpw
(28:57 / All) iggy_the_fisk: you are
(28:58 / All) iggy_the_fisk: Not very good?
(29:01 / All) TIMG4STRok: GET SOMe skills noob
(29:02 / All) bLinn: well played, warriors
(29:03 / All) iggy_the_fisk: seems like iggy the legend
(29:04 / All) iggy_the_fisk: winsa gain
(29:07 / All) NoPeaCe.: blue, you're the worst player
(29:09 / All) NoPeaCe.: on your team
(29:10 / All) BEAR_AND: hehehehahhahaha
(29:12 / All) NoPeaCe.: in case you didnt know
(29:13 / All) iggy_the_fisk: blinn
(29:14 / All) BEAR_AND: thanx
(29:14 / All) iggy_the_fisk: Opinions?
(29:18 / All) bLinn: nah i am the worst
(29:24 / All) bLinn: did you see how quickly i died?
(29:38 / All) bLinn: it was pretty insane. but yo, are you guys like a high ranked 4v4 team?
(29:45 / All) NoPeaCe.: no
(29:47 / All) bLinn: it seems like you got what it takes.. to take it to the next level
(29:48 / All) NoPeaCe.: not at all
(29:55 / All) bLinn: have you thought about regging a domain name... clannoobs.com XD
(30:07 / All) NoPeaCe.: LOLOLOL
(30:10 / All) NoPeaCe.: WE NEED TO ZMAP
(30:13 / All) NoPeaCe.: AND PROTO
(30:14 / All) NoPeaCe.: TO WIN
(30:16 / All) bLinn: maybe you guys shouldn't be typing
(30:16 / All) NoPeaCe.: LOLOLOLOL
(30:17 / All) BEAR_AND: whats zmap
(30:18 / All) NoPeaCe.: SUCH PROS
(30:18 / All) bLinn: you're losing pretty badly
(30:21 / All) bLinn: i'll just type if you want
(30:22 / All) NoPeaCe.: YOU GUYS MAPHACK
(30:24 / All) BEAR_AND: "stfu purp"
(30:34 / All) bLinn: stfu purp
(30:34 / All) iggy_the_fisk: i Lost
(30:36 / All) iggy_the_fisk: 0 units that fight
(30:38 / All) iggy_the_fisk: how it feel
(30:43 / All) RyakaKyungFoo: pro
(30:46 / All) bLinn: out this game noobs
(30:50 / All) iggy_the_fisk: you lost everything
(30:56 / All) iggy_the_fisk: is that because you're bad?
(30:57 / All) iggy_the_fisk: probably
(31:00 / All) RyakaKyungFoo: and you maphack gg noobs